 Dungeon Crawl Stone Soup version 0.27-a0-1136-g0b992a5a9d (webtiles) character file.

Game seed: 8008268632303102163

149 reriks the Firebug (level 5, -3/31 HPs)
             Began as an Octopode Fire Elementalist on May 4, 2021.
             Slain by a scorpion (9 damage)
             ... on level 4 of the Dungeon.
             The game lasted 00:05:42 (8157 turns).

reriks the Firebug (Octopode Fire Elementalist)     Turns: 8157, Time: 00:05:42

Health: -3/31      AC:  1    Str:  7    XL:     5   Next: 31%
Magic:  8/9        EV: 13    Int: 19    God:
Gold:   128        SH:  0    Dex: 12    Spells: 3/10 levels left

rFire    . . .     SeeInvis .   f - +2 mace (protect)
rCold    . . .     Faith    .   (no shield)
rNeg     . . .     Spirit   .   (helmet restricted)
rPois    .         Reflect  .   l - amulet of magic regeneration
rElec    .         Harm     .   (no ring)
rCorr    .         Rampage  .   (no ring)
Will     .....                  (no ring)
Stlth    +++.......             (no ring)
HPRegen  0.10/turn              (no ring)
MPRegen  0.36/turn              (no ring)
                                (no ring)
                                (no ring)

@: no status effects
A: almost no armour, amphibious, 8 rings, camouflage 1, gelatinous body 1,
(nimble swimmer 1), tentacles
a: no special abilities


You were on level 4 of the Dungeon.
You visited 1 branch of the dungeon, and saw 4 of its levels.

You collected 128 gold pieces.

Inventory:

Hand Weapons
 b - a +0 short sword of venom
 f - a +2 mace of protection (weapon)
Jewellery
 a - a +6 ring of intelligence
 l - an amulet of magic regeneration (around mantle)
Scrolls
 d - a scroll of teleportation
 g - 2 scrolls of identify
Potions
 c - a potion of heal wounds {unknown}
 e - 2 potions of curing
 h - 2 potions of might {unknown}
 i - a potion of brilliance {unknown}
 j - a potion of flight {unknown}
 k - a potion of degeneration {unknown}


   Skills:
 + Level 2.6 Dodging
 - Level 2.6 Stealth
 * Level 3.1 Spellcasting
 * Level 2.7 Conjurations
 * Level 3.9 Fire Magic


You had 3 spell levels left.
You knew the following spells:

 Your Spells              Type           Power      Damage    Failure   Level
a - Foxfire               Conj/Fire      60%        2x1d7     3%          1
b - Conjure Flame         Conj/Fire      15%        6-21      12%         3
c - Inner Flame           Hex/Fire       10%        N/A       21%         3

Your spell library contained the following spells:

 Spells                   Type           Power      Damage    Failure   Level
 Sticky Flame             Conj/Fire      15%        2d4       36%         4
 Fireball                 Conj/Fire      7%         3d5       71%         5


Dungeon Overview and Level Annotations

Branches:
Dungeon (4/15)
 Temple: D:4-7

Altars:
The Shining One


Innate Abilities, Weirdness & Mutations

You cannot wear most types of armour.
You are amphibious.
You can wear up to eight rings at the same time.
Your skin changes colour to match your surroundings (Stealth+).
Your rubbery body absorbs attacks. (AC +1, EV +1)
((You are camouflaged near water. (Stealth+)))
You have tentacles for arms and can constrict up to eight enemies at once.


Message History

The worm is heavily wounded.
Casting: Foxfire (safe; 3% risk of failure)
Confirm with . or Enter, or press ? or * to list all spells.
You conjure some foxfire!
The foxfire hits the worm but does no damage.
The worm is heavily wounded.
A scorpion comes into view.
The scorpion moves out of view.
Your foxfire dissipates!
The scorpion misses you. The scorpion closely misses you.
You see here a +2 dagger of draining.
The scorpion stings you.
Found a stone staircase leading down.
The scorpion stings you.
You are poisoned.
The scorpion poisons you!
You feel very sick.
You feel better. The scorpion stings you!
Found 23 sling bullets.
Casting: Foxfire (safe; 3% risk of failure)
Confirm with . or Enter, or press ? or * to list all spells.
You conjure some foxfire!
The scorpion barely misses you. The scorpion stings you.
The foxfire hits the scorpion but does no damage. x2
The scorpion closely misses you.
Casting: Foxfire (safe; 3% risk of failure)
Confirm with . or Enter, or press ? or * to list all spells.
You conjure some foxfire!
The scorpion stings you.
* * * LOW HITPOINT WARNING * * *
The foxfire hits the scorpion!
The scorpion is heavily wounded.
The foxfire hits the scorpion but does no damage.
The scorpion is heavily wounded.
The scorpion stings you.
* * * LOW HITPOINT WARNING * * *
Casting: Foxfire (safe; 3% risk of failure)
Confirm with . or Enter, or press ? or * to list all spells.
You conjure some foxfire!
The scorpion stings you!
You die...

.... .... (..
#.############..
.##..##.§v...........
........@v...........
###.##.s.......)...
.##.###.<............#
.(.....)##...........# ≈≈
##..###.#..........###≈..
# ###..........#.#≈.#
#.....w...)...'..(
..............#.#≈.#
.....#.........#.#


You could see a worm and a scorpion (ally target).

Vanquished Creatures
  A hound skeleton (D:4)
  Robin (D:2)
  3 adders
  2 worms
  2 dart slugs (D:1)
  An orc (D:4)
  4 ball pythons
  5 endoplasms
  2 giant cockroaches
  15 goblins
  11 hobgoblins
  4 jackals
  12 kobolds
  2 quokkas
  9 bats
  3 frilled lizards
  5 rats
82 creatures vanquished.

Vanquished Creatures (others)
  226 foxfires
226 creatures vanquished.

Grand Total: 308 creatures vanquished

Notes
Turn   | Place    | Note
-------+----------+-------------------------------------------
     0 | D:1      | reriks the Octopode Fire Elementalist began the quest for
                  | the Orb.
     0 | D:1      | Reached XP level 1. HP: 11/11 MP: 3/3
   126 | D:1      | Reached XP level 2. HP: 17/17 MP: 0/5
  1593 | D:1      | Reached XP level 3. HP: 21/21 MP: 3/6
  3581 | D:2      | Reached XP level 4. HP: 27/27 MP: 5/8
  3583 | D:2      | Noticed Robin
  3598 | D:2      | Killed Robin
  4345 | D:3      | Learned a level 3 spell: Conjure Flame
  4349 | D:3      | Learned a level 3 spell: Inner Flame
  6689 | D:3      | Found a glowing golden altar of the Shining One.
  7016 | D:4      | Reached XP level 5. HP: 27/31 MP: 6/9
  8157 | D:4      | Slain by a scorpion

Illustrated notes

Levels and vault maps discovered:
D:1:      onia_arrival_pyramid, layout_basic
D:2:      layout_basic, uniq_robin
D:3:      layout_loops_corners, nicolae_tso_swordbearing_angel
D:4:      layout_rooms, st_stairs_10, kennysheep_generic_room_10

Skill      XL: |  1  2  3  4 |
---------------+-------------+-----
Conjurations   | 2 |  2.7
Spellcasting   | 3 |  3.1
Dodging        | |  2.6
Stealth        | |  2.6
Fire Magic     | |  3.9

Action                   |  1- 3 |  4- 6 || total
-------------------------+-------+-------++-------
Melee: Mace              |       |     4 ||     4
       Constrict         |       |     1 ||     1
 Cast: Foxfire           |    59 |    80 ||   139
  Use: Scroll            |       |     6 ||     6
       Potion            |       |     1 ||     1
Armor: Skin              |       |    10 ||    10
Dodge: Dodged            |     4 |    29 ||    33

Table legend: (Time is in decaauts)
 A = Elapsed time spent in this place.
 B = Non-inter-level travel time spent in this place.
 C = Inter-level travel time spent in this place.
 D = Time resting spent in this place.
 E = Time spent auto-exploring this place.
 F = Levels seen in this place.
 G = Mean time per level.
                   A        B        C        D        E       F      G
               +--------+--------+--------+--------+--------+-----+--------+
         Total |   8159 |   8041 |    118 |   5695 |   1708 |   4 | 2039.8 |
       Dungeon |   8159 |   8041 |    118 |   5695 |   1708 |   4 | 2039.8 |
               +--------+--------+--------+--------+--------+-----+--------+

Top non-repeatable levels by time:
     D:3: 3089 daAuts
     D:2: 2326 daAuts
     D:1: 1837 daAuts
     D:4: 905 daAuts
